 Dungeon Crawl Stone Soup version 0.31-a0-344-gd109795599 (webtiles) character file.

Game seed: 8841222965367186793

459 AIAndy the Magician (level 7, -3/45 HPs)
             Began as a Djinni Fire Elementalist on July 22, 2023.
             Slain by Eustachio
             ... wielding a +0 falchion
              (6 damage)
             ... on level 4 of the Dungeon.
             The game lasted 00:08:51 (3029 turns).

AIAndy the Magician (Djinni Fire Elementalist)      Turns: 3029, Time: 00:08:52

Health: -3/45      AC:  3    Str:  7    XL:     7   Next: 28%
Gold:   59         EV: 12    Int: 19    God:
                   SH:  0    Dex: 13

rFire   + . .        (no weapon)
rCold   . . .        (no shield)
rNeg    . . .        a - +0 robe
rPois   ∞            m - +0 helmet
rElec   .            (no cloak)
rCorr   .            (no gloves)
SInv    .            (boots unavailable)
Will    .....        (no amulet)
Stlth   ++           C - ring of ice
HPRegen 0.27/turn    (no ring)
MPRegen 0.00/turn

%: infuse magic (-4 HP)
@: flying
A: sickness immunity, fire resistance 2, cold vulnerability 1, float, innate
caster, HP casting, extra vitality 1
a: no special abilities


You were on level 4 of the Dungeon.
You visited 1 branch of the dungeon, and saw 4 of its levels.

You collected 98 gold pieces.
You spent 39 gold pieces at shops.


Innate Abilities, Weirdness & Mutations

You are immune to sickness and miasma.
You are immune to poison.
Your flesh is very heat resistant. (rF++)
You are vulnerable to cold. (rC-)
You float through the air rather than walking.
You learn spells naturally, not from books.
Your magical power is your life essence.
You have superior vitality. (+4 MHP)


   Skills:
 - Level 2.1 Dodging
 - Level 1.5 Stealth
 + Level 6.1 Spellcasting
 + Level 6.1 Conjurations
 + Level 6.1 Hexes
 + Level 6.1 Summonings
 + Level 6.1 Necromancy
 + Level 6.1 Translocations
 + Level 6.1 Transmutations
 + Level 6.1 Fire Magic
 + Level 6.1 Ice Magic
 + Level 6.1 Air Magic
 + Level 6.1 Earth Magic
 + Level 6.1 Poison Magic


You knew the following spells:

 Your Spells              Type           Power      Damage    Failure   Level
a - Flame Wave            Conj/Fire      29%        2d9       9%          4
f - Inner Flame           Hex/Fire       29%        N/A       2%          3
l - Lesser Beckoning      Tloc           58%        N/A       1%          2
s - Searing Ray           Conj           58%        2d6       1%          2
z - Summon Small Mammal   Summ           100%       N/A       1%          1
X - Foxfire               Conj/Fire      100%       2x1d9     1%          1
Y - Scorch                Fire           58%        2d7       1%          2
Z - Volatile Blastmotes   Fire/Tloc      58%        2d14      2%          3
Your spell library was empty.

Inventory:

Armour
 a - a +0 robe (worn)
 m - a +0 helmet (worn)
Jewellery
 C - a ring of ice (left hand)
Wands
 o - a wand of flame (4)
 r - a wand of digging (3)
Scrolls
 c - 4 scrolls of identify {unknown}
 d - 2 scrolls of enchant armour {unknown}
 e - a scroll of acquirement {unknown}
 f - a scroll of noise {unknown}
 g - a scroll of blinking {unknown}
 h - a scroll of silence {unknown}
 i - a scroll of amnesia {unknown}
 j - a scroll of brand weapon {unknown}
 k - a scroll of torment {unknown}
 q - a scroll of vulnerability {unknown}
 u - 2 scrolls of teleportation {@r4}
 w - a scroll of fog {unknown}
 x - a scroll of enchant weapon {unknown}
 y - a scroll of immolation {unknown}
Potions
 b - a potion of heal wounds {unknown}
 l - a potion of enlightenment {unknown}
 n - a potion of invisibility {unknown}
 p - a potion of mutation {unknown}
 s - a potion of curing {unknown}
 t - 2 potions of magic {unknown}
 v - a potion of might {unknown}
 z - a potion of resistance {unknown}

Dungeon Overview and Level Annotations

Branches:
Dungeon (4/15)
 Temple: D:4-7

Altars:
Nemelex Xobeh
Trog
Yredelemnul
The Shining One

Shops:
D:2 :   D:3 ?

Annotations:
D:3 1 runed translucent door
D:4 Eustachio

###.....
##....... #..
###........ #..
##..........
#...
###..#........
#....
##..###........
#....# ###..##
##.......
#...r.###..###
#.......
#...§.§#@.##
##......
#....§s@###
#......
#..§.r§##
###.....
#..§.##
#....... ....
#....... #..
#....... ##
#.......
##......
#......


You could see Eustachio (combustible), a scorpion and a quokka (summoned).


Message History

Casting: Scorch (safe; 1% risk of failure)
Confirm with . or Enter, or press ? or * to list all spells.
Flames lash the white imp.
The white imp is burned terribly!
The white imp is severely wounded.
The white imp's fire resistance burns away.
The scorpion barely misses you. Eustachio barely misses you.
The scorpion stings you.
* * * LOW HITPOINT WARNING * * *
Eustachio closely misses you. The crimson imp barely misses you.
Casting: Scorch (safe; 1% risk of failure)
Confirm with . or Enter, or press ? or * to list all spells.
Flames lash the white imp.
The white imp is burned terribly!
You kill the white imp!
The white imp disappears in a puff of smoke!
* * * LOW HITPOINT WARNING * * *
The scorpion stings you.
* * * LOW HITPOINT WARNING * * *
Eustachio hits you with a +0 falchion!
* * * LOW HITPOINT WARNING * * *
The scorpion stings you.
* * * LOW HITPOINT WARNING * * *
The crimson imp hits you but does no damage.
Eustachio casts a spell.
The scorpion misses you.
The crimson imp hits you but does no damage.
Okay, then.
Okay, then.
The crimson imp blinks!
Eustachio attacks as you move away! Eustachio hits you with a +0 falchion.
You die...

Skill      XL: |  1  2  3  4  5  6 |
---------------+-------------------+-----
Spellcasting   | 4 5 6 |  6.1
Conjurations   | 4 5 6 |  6.1
Hexes          | 4 5 6 |  6.1
Summonings     | 4 5 6 |  6.1
Necromancy     | 4 5 6 |  6.1
Translocations | 4 5 6 |  6.1
Transmutations | 4 5 6 |  6.1
Fire Magic     | 4 5 6 |  6.1
Ice Magic      | 4 5 6 |  6.1
Air Magic      | 4 5 6 |  6.1
Earth Magic    | 4 5 6 |  6.1
Poison Magic   | 4 5 6 |  6.1
Dodging        | |  2.1
Stealth        | |  1.5

Action                     |  1- 3 |  4- 6 |  7- 9 || total
---------------------------+-------+-------+-------++-------
   Cast: Foxfire           |    38 |    65 |     2 ||   105
         Scorch            |    18 |    32 |     7 ||    57
 Armour: Robe              |     6 |     4 |     5 ||    15
  Dodge: Dodged            |     8 |    17 |     9 ||    34

Levels and vault maps discovered:
D:1:      minmay_arrival_solitary_statue, layout_loops_ring
D:2:      layout_rooms, serial_shops, nicolae_shop_tiny_statue_garden
D:3:      kennysheep_goblin_castle, layout_loops_corners, dk_yredelemnul_ordeal,
          bloody_trog, mainiacjoe_overflow_two_lobes, serial_shops,
          nicolae_shop_behind_doors
D:4:      layout_cave_pods, kennysheep_generic_room_10, uniq_eustachio

Notes
Turn   | Place    | Note
-------+----------+-------------------------------------------
     0 | D:1      | Reached skill level 3 in Spellcasting
     0 | D:1      | Reached skill level 3 in Conjurations
     0 | D:1      | Reached skill level 3 in Hexes
     0 | D:1      | Reached skill level 3 in Summonings
     0 | D:1      | Reached skill level 3 in Necromancy
     0 | D:1      | Reached skill level 3 in Translocations
     0 | D:1      | Reached skill level 3 in Transmutations
     0 | D:1      | Reached skill level 3 in Fire Magic
     0 | D:1      | Reached skill level 3 in Ice Magic
     0 | D:1      | Reached skill level 3 in Air Magic
     0 | D:1      | Reached skill level 3 in Earth Magic
     0 | D:1      | Reached skill level 3 in Poison Magic
     0 | D:1      | AIAndy the Djinni Fire Elementalist began the quest for the
                  | Orb.
     0 | D:1      | AIAndy set off with the following spells memorised:
                  | Foxfire, Scorch, Volatile Blastmotes, Inner Flame, Flame
                  | Wave.
     0 | D:1      | Reached XP level 1. HP: 15/15 MP: 0/0
   135 | D:1      | Reached XP level 2. HP: 17/21 MP: 0/0
   474 | D:1      | Reached XP level 3. HP: 19/25 MP: 0/0
   474 | D:1      | Learned a level 1 spell: Summon Small Mammal
   945 | D:2      | Reached XP level 4. HP: 25/31 MP: 0/0
   951 | D:2      | Reached skill level 4 in Spellcasting
   951 | D:2      | Reached skill level 4 in Conjurations
   951 | D:2      | Reached skill level 4 in Hexes
   951 | D:2      | Reached skill level 4 in Summonings
   951 | D:2      | Reached skill level 4 in Necromancy
   951 | D:2      | Reached skill level 4 in Translocations
   951 | D:2      | Reached skill level 4 in Transmutations
   951 | D:2      | Reached skill level 4 in Fire Magic
   951 | D:2      | Reached skill level 4 in Ice Magic
   951 | D:2      | Reached skill level 4 in Air Magic
   951 | D:2      | Reached skill level 4 in Earth Magic
   951 | D:2      | Reached skill level 4 in Poison Magic
  1141 | D:2      | Reached XP level 5. HP: 23/35 MP: 0/0
  1141 | D:2      | Learned a level 2 spell: Lesser Beckoning
  1382 | D:2      | Found Urrob's Book Shop.
  1491 | D:3      | Found a bloodstained altar of Trog.
  1690 | D:3      | Noticed Robin
  1703 | D:3      | Killed Robin
  2047 | D:3      | Found Onnewahol's Magic Scroll Emporium.
  2050 | D:3      | Bought a scroll of teleportation for 39 gold pieces
  2086 | D:3      | Reached skill level 5 in Spellcasting
  2086 | D:3      | Reached skill level 5 in Conjurations
  2086 | D:3      | Reached skill level 5 in Hexes
  2086 | D:3      | Reached skill level 5 in Summonings
  2086 | D:3      | Reached skill level 5 in Necromancy
  2086 | D:3      | Reached skill level 5 in Translocations
  2086 | D:3      | Reached skill level 5 in Transmutations
  2086 | D:3      | Reached skill level 5 in Fire Magic
  2086 | D:3      | Reached skill level 5 in Ice Magic
  2086 | D:3      | Reached skill level 5 in Air Magic
  2086 | D:3      | Reached skill level 5 in Earth Magic
  2086 | D:3      | Reached skill level 5 in Poison Magic
  2092 | D:3      | Reached XP level 6. HP: 26/40 MP: 0/0
  2378 | D:3      | Found a glowing golden altar of the Shining One.
  2408 | D:3      | Found a sparkling altar of Nemelex Xobeh.
  2601 | D:3      | Noticed a human
  2602 | D:3      | Found a runed translucent door.
  2633 | D:3      | Found a basalt altar of Yredelemnul.
  2948 | D:4      | Noticed an ogre
  2951 | D:4      | Killed an ogre
  2952 | D:4      | Reached skill level 6 in Spellcasting
  2952 | D:4      | Reached skill level 6 in Conjurations
  2952 | D:4      | Reached skill level 6 in Hexes
  2952 | D:4      | Reached skill level 6 in Summonings
  2952 | D:4      | Reached skill level 6 in Necromancy
  2952 | D:4      | Reached skill level 6 in Translocations
  2952 | D:4      | Reached skill level 6 in Transmutations
  2952 | D:4      | Reached skill level 6 in Fire Magic
  2952 | D:4      | Reached skill level 6 in Ice Magic
  2952 | D:4      | Reached skill level 6 in Air Magic
  2952 | D:4      | Reached skill level 6 in Earth Magic
  2952 | D:4      | Reached skill level 6 in Poison Magic
  2952 | D:4      | Reached XP level 7. HP: 40/45 MP: 0/0
  2952 | D:4      | Learned a level 2 spell: Searing Ray
  3013 | D:4      | Noticed Eustachio
  3026 | D:4      | HP: 3/45 [Eustachio/+0 falchion (11)]
  3029 | D:4      | Slain by Eustachio

Vanquished Creatures
  An ogre (D:4)
  A howler monkey (D:4)
  2 hounds
  An orc priest (D:3)
  A human skeleton (D:3)
  2 orc wizards (D:3)
  Robin (D:3)
  4 gnolls (D:2)
  2 adders (D:2)
  A white imp (D:3)
  2 worms
  2 dart slugs (D:1)
  5 orcs (D:3)
  3 bats (D:1)
  4 endoplasms
  9 hobgoblins
  11 jackals
  2 quokkas
  2 ball pythons (D:1)
  A frilled lizard (D:2)
  16 goblins
  A goblin zombie (D:3)
  5 kobolds
  2 rats
81 creatures vanquished.

Vanquished Creatures (others)
  178 foxfires
178 creatures vanquished.

Grand Total: 259 creatures vanquished

Table legend: (Time is in decaauts)
 A = Elapsed time spent in this place.
 B = Non-inter-level travel time spent in this place.
 C = Inter-level travel time spent in this place.
 D = Time resting spent in this place.
 E = Time spent auto-exploring this place.
 F = Levels seen in this place.
 G = Mean time per level.
                   A        B        C        D        E       F      G
               +--------+--------+--------+--------+--------+-----+--------+
         Total |   3027 |   2971 |     56 |      0 |   2560 |   4 |  756.8 |
       Dungeon |   3027 |   2971 |     56 |      0 |   2560 |   4 |  756.8 |
               +--------+--------+--------+--------+--------+-----+--------+

Top non-repeatable levels by time:
     D:3: 1449 daAuts
     D:1: 866 daAuts
     D:2: 601 daAuts
     D:4: 110 daAuts

Table legend:
 A = Non-vault XP
 B = Vault XP
 C = Vault XP percentage of total XP
 D = Non-vault monster count
 E = Vault monster count
 F = Vault count percentage of total count
                 A         B        C        D         E       F
            +---------+---------+-------+---------+---------+-------
      Total |     527 |     130 |  19.8 |      59 |      22 |  27.2
            +---------+---------+-------+---------+---------+-------
        D:1 |      44 |       0 |   0.0 |      24 |       0 |   0.0
        D:2 |     110 |       0 |   0.0 |      19 |       0 |   0.0
        D:3 |     148 |     130 |  46.8 |      12 |      22 |  64.7
        D:4 |     225 |       0 |   0.0 |       4 |       0 |   0.0
            +---------+---------+-------+---------+---------+-------
